 Dungeon Crawl Stone Soup version 0.31-a0-4-gefa6de2278 (webtiles) character file.

Game seed: 8527257287140649829

3367 cheesebisquit the Cleaver (level 10, -5/129 HPs)
             Began as a Hill Orc Monk on May 3, 2023.
             Was a Priest of Makhleb.
             Slain by Amaemon
             ... wielding a -1 demon whip of venom
              (7 damage)
             ... on level 8 of the Dungeon.
             The game lasted 00:26:01 (6947 turns).

cheesebisquit the Cleaver (Hill Orc Monk)           Turns: 6947, Time: 00:26:01

Health: -5/129     AC: 25    Str: 19    XL:     10   Next: 3%
Magic:  14/14      EV:  2    Int: 10    God:    Makhleb [***...]
Gold:   338        SH:  0    Dex: 13    Spells: 9/9 levels left

rFire   . . .        E - +1 battleaxe (freeze)
rCold   . . .        (shield currently unavailable)
rNeg    . . .        z - melded +0 plate armour
rPois   +            p - melded +0 helmet
rElec   .            (cloak currently unavailable)
rCorr   .            r - melded +0 pair of gloves
SInv    .            b - melded +1 pair of boots "Oskaixu" {rElec}
Will    .....        (no amulet)
Stlth   +            (no ring)
HPRegen 0.41/turn    (no ring)
MPRegen 0.14/turn

%: no passive effects
@: lethally poisoned (-5 -> -17), tree-form, studying Armour
A: stationary, stasis, torment immunity, boosted hp
a: Renounce Religion, Minor Destruction, Lesser Servant of Makhleb


You were on level 8 of the Dungeon.
You worshipped Makhleb.
Makhleb was most pleased with you.
You were a tree.
You visited 2 branches of the dungeon, and saw 9 of its levels.

You collected 338 gold pieces.

Inventory:

Hand Weapons
 a - a +0 hand axe
 y - a +0 war axe
 E - a +1 battleaxe of freezing (weapon)
 F - a +3 dire flail
Missiles
 B - 5 boomerangs (quivered)
 D - 4 poisoned darts
Armour
 b - the +1 pair of boots "Oskaixu" (melded) {rElec}
   (You acquired it on level 6 of the Dungeon)

   rElec:     It insulates you from electricity.
 l - a +2 kite shield of protection
 p - a +0 helmet (melded)
 q - a +3 leather armour of cold resistance
 r - a +0 pair of gloves (melded)
 z - a +0 plate armour (melded)
Jewellery
 f - a ring of ice
 u - an amulet of faith
Scrolls
 d - 2 scrolls of summoning
 e - a scroll of enchant weapon {unknown}
 g - a scroll of immolation {unknown}
 h - 2 scrolls of vulnerability {unknown}
 j - a scroll of torment {unknown}
 m - a scroll of blinking {unknown}
 s - 3 scrolls of teleportation
 v - 2 scrolls of amnesia
 w - a scroll of fear
Potions
 i - 2 potions of haste
 o - a potion of attraction
 x - a potion of magic
 A - a potion of might
 C - a potion of invisibility {unknown}


   Skills:
 + Level 7.1 Fighting
 * Level 12.7 Axes
 + Level 7.2 Armour
 + Level 4.8 Dodging
 + Level 6.4 Invocations


You had 9 spell levels left.
You didn't know any spells.
Your spell library contained the following spells:

 Spells                   Type           Power      Damage    Failure   Level
 Beastly Appendage        Tmut           0%         N/A       36%         1
 Cigotuvi's Dreadful Rot  Necr/Pois/Air  0%         N/A       50%         2
 Wereblood                Tmut           0%         N/A       50%         2
 Ignite Poison            Fire/Tmut/Pois 0%         N/A       75%         3
 Spider Form              Tmut/Pois      0%         N/A       75%         3
 Animate Dead             Necr           0%         N/A       98%         4
 Dispel Undead            Necr           0%         3d6       98%         4
 Freezing Cloud           Conj/Ice/Air   0%         6-21      100%        5
 Death Channel            Necr           0%         N/A       100%        6
 Haunt                    Necr/Summ      0%         N/A       100%        7
 Infestation              Necr           0%         N/A       100%        8


Dungeon Overview and Level Annotations

Branches:
Dungeon (8/15)             Temple (1/1) D:5
   Lair: D:8-11

Altars:
Ashenzari
Dithmenos
Gozag
Hepliaklqana
Kikubaaqudgha
Makhleb
Nemelex Xobeh
Okawaru
Qazlal
Ru
Sif Muna
Vehumet
Wu Jian
Xom
Yredelemnul
Zin
The Shining One

Annotations:
D:3 1 runed translucent door, Pimp's ghost, amateur DEEE
D:8 Amaemon


Message History

You are confused.
You feel invigorated.
* * * LOW HITPOINT WARNING * * *
You feel very sick. Amaemon barely misses you. x2
Amaemon tail-slaps you but does no damage.
You closely miss Amaemon.
Amaemon is severely wounded.
* * * LOW HITPOINT WARNING * * *
You feel very sick. Amaemon hits you but does no damage.
You are more poisoned.
Amaemon claws you but does no damage.
Amaemon tail-slaps you but does no damage.
You hit Amaemon but do no damage.
Amaemon is severely wounded.
You feel less invigorated.
You feel less confused.
* * * LOW HITPOINT WARNING * * *
You feel extremely sick. Amaemon hits you but does no damage.
Amaemon claws you but does no damage.
Amaemon tail-slaps you but does no damage.
Okay, then.
As you read the scroll of fear, it crumbles to dust.
You assume a fearsome visage.
Amaemon easily resists.
* * * LOW HITPOINT WARNING * * *
You feel very sick.
Amaemon gestures wildly while chanting.
Okay, then.
Really quaff the potion of lignification?
You turn into a tree.
Your +0 helmet melds into your body.
Your +0 pair of gloves melds into your body.
The +1 pair of boots "Oskaixu" {rElec} melds into your body.
Your +0 plate armour melds into your body.
Your roots penetrate the ground.
* * * LOW HITPOINT WARNING * * *
You feel very sick.
The scorpion stings you but does no damage.
Amaemon hits you with a -1 demon whip of venom!
You die...

#..####....#
##..........## ....
#.............. ....
####..####..##... .....
.....## #. .# #.. .....
.....# #. #.. <.....
....## ##..###.##......
#...# #.......s6......
##..## #...##))♣s......
##...## #...##.)#.......
#.....###...###.........
.......##...............
..###.................#.
### ##.......)...#......
# ##.......#..##......
#####...##....### ..>...
##.....####...# #.#.


You could see Amaemon and 2 scorpions.

Vanquished Creatures
  Pikel (D:7)
  An orange demon (D:8)
  Psyche (D:8)
  Prince Ribbit (D:5)
  2 water moccasins
  A sky beast (D:6)
  5 ice beasts
  An orc warrior (D:6)
  A black bear (D:6)
  2 lemures (D:7)
  A phantom (D:6)
  A gnoll sergeant (D:7)
  A bullfrog (D:7)
  2 wights (D:8)
  2 howler monkeys
  A quasit (D:7)
  4 orc priests
  5 hounds
  2 jellies
  A sleepcap (D:5)
  Ijyb (D:3)
  Terence (D:3)
  An iguana (D:5)
  4 orc wizards
  6 gnolls
  5 adders
  3 shadow imps
  2 white imps
  An ufetubus (D:4)
  4 dart slugs
  28 orcs
  6 ball pythons
  3 bats (D:1)
  9 endoplasms
  4 giant cockroaches
  5 goblins
  6 hobgoblins
  2 jackals (D:5)
  6 kobolds
  3 quokkas
  3 frilled lizards
  2 goblin skeletons (D:7)
  A goblin zombie (D:7)
  4 hobgoblin zombies (D:7)
  A kobold skeleton (D:7)
  A kobold zombie (D:7)
  An orc zombie (D:7)
  3 rats
152 creatures vanquished.

Vanquished Creatures (others)
  2 withered plants (D:3)
2 creatures vanquished.

Grand Total: 154 creatures vanquished

Notes
Turn   | Place    | Note
-------+----------+-------------------------------------------
     0 | D:1      | cheesebisquit the Hill Orc Monk began the quest for the
                  | Orb.
     0 | D:1      | Reached XP level 1. HP: 19/19 MP: 1/1
    26 | D:1      | Reached XP level 2. HP: 18/26 MP: 2/2
   165 | D:1      | Reached skill level 5 in Axes
   434 | D:1      | Reached XP level 3. HP: 31/31 MP: 3/3
   883 | D:2      | Reached skill level 6 in Axes
   983 | D:2      | Found a faded altar of an unknown god.
  1167 | D:2      | Reached XP level 4. HP: 39/39 MP: 4/4
  1644 | D:3      | Found a runed translucent door.
  1645 | D:3      | Noticed Pimp's ghost (amateur DEEE)
  1645 | D:3      | Noticed Terence
  1656 | D:3      | Killed Terence
  1657 | D:3      | Reached skill level 7 in Axes
  1872 | D:3      | Noticed Ijyb
  1918 | D:3      | Killed Ijyb
  1919 | D:3      | Reached XP level 5. HP: 24/45 MP: 5/5
  2154 | D:4      | Found a broken altar of Ashenzari.
  2210 | D:4      | Found an iron altar of Okawaru.
  2272 | D:4      | Reached skill level 8 in Axes
  2620 | D:5      | Entered Level 5 of the Dungeon
  2633 | D:5      | Found a staircase to the Ecumenical Temple.
  2655 | D:5      | Reached XP level 6. HP: 42/51 MP: 6/6
  2659 | Temple   | Entered the Ecumenical Temple
  2717 | D:5      | Found a burning altar of Makhleb.
  2717 | D:5      | Noticed a balrug
  2721 | D:5      | Noticed a hellwing
  2721 | D:5      | Noticed an orange demon
  2749 | D:5      | Became a worshipper of Makhleb the Destroyer
  2749 | D:5      | Reached * piety under Makhleb
  2749 | D:5      | Reached ** piety under Makhleb
  2989 | D:5      | Noticed Prince Ribbit
  3015 | D:5      | Killed Prince Ribbit
  3016 | D:5      | Reached skill level 9 in Axes
  3016 | D:5      | Reached skill level 1 in Armour
  3016 | D:5      | Reached skill level 1 in Invocations
  3016 | D:5      | Reached XP level 7. HP: 16/59 MP: 6/8
  3696 | D:6      | Reached skill level 10 in Axes
  3757 | D:6      | Reached XP level 8. HP: 67/67 MP: 10/10
  3995 | D:6      | Reached skill level 5 in Fighting
  4061 | D:6      | Found a shadowy altar of Dithmenos.
  4095 | D:6      | Identified 3 scrolls of acquirement
  4096 | D:6      | Acquired the +1 pair of boots "Oskaixu" {rElec}
  4109 | D:6      | Acquired a manual of Armour
  4111 | D:6      | Acquired a +2 kite shield of protection
  4480 | D:6      | Identified the +3 falchion of the Wilderness {heavy,
                  | Fragile rPois rCorr}
  4823 | D:6      | Reached skill level 11 in Axes
  4949 | D:7      | Reached *** piety under Makhleb
  5324 | D:7      | Reached XP level 9. HP: 49/75 MP: 6/12
  5409 | D:7      | Reached skill level 5 in Armour
  5409 | D:7      | Reached skill level 5 in Invocations
  5661 | D:7      | Found a glowing golden altar of the Shining One.
  5688 | D:7      | Identified the +6 rapier "Qikk" {spect, Int+6}
  5703 | D:7      | Identified the +1 scale mail "Madghuvvu" {rF+ Str+3}
  6027 | D:8      | Noticed Pikel
  6075 | D:7      | Killed Pikel
  6250 | D:8      | Reached skill level 12 in Axes
  6423 | D:8      | Noticed an orange demon
  6424 | D:8      | Noticed Amaemon
  6540 | D:8      | Killed an orange demon
  6676 | D:8      | Noticed Psyche
  6885 | D:8      | Killed Psyche
  6886 | D:8      | Reached XP level 10. HP: 84/86 MP: 14/14
  6946 | D:8      | HP: 4/86 [poisoned by Amaemon]
  6947 | D:8      | Slain by Amaemon

Illustrated notes

Levels and vault maps discovered:
D:1:      heliophobic_arrival_battle_scene, layout_basic
D:2:      layout_basic, chequers_ecumenical_altar_simple_redux
D:3:      layout_rooms, gammafunk_ghost_grave, uniq_terence, uniq_ijyb
D:4:      layout_rooms, okawaru_altar_gauntlet_db,
          nicolae_overflow_hidden_temple
D:5:      layout_basic, makhleb_altar_promises_db,
          minmay_temple_entry_statues_fountains, uniq_prince_ribbit1
D:6:      layout_loops_corners, mainiacjoe_overflow_cross_hatched
D:7:      layout_rooms, nicolae_tso_besieged_by_evil, chequers_arboretum
D:8:      layout_layer_cave, minmay_misc_feat_pillars, uniq_grum, uniq_amaemon,
          uniq_pikel, uniq_psyche
Temple:   nicolae_temple_no_exploring_needed

Skill      XL: |  1  2  3  4  5  6  7  8  9 |
---------------+----------------------------+-----
Axes           | 5 6 7 8 9 10 11 12 | 12.7
Fighting       | 4 5 7 |  7.1
Armour         | 1 2 4 7 |  7.2
Invocations    | 1 3 4 6 |  6.4
Dodging        | 3 4 |  4.8

Action                     |  1- 3 |  4- 6 |  7- 9 | 10-12 || total
---------------------------+-------+-------+-------+-------++-------
  Melee: Hand axe          |    76 |   210 |   431 |       ||   717
         Battleaxe         |       |       |    31 |    14 ||    45
         Unarmed           |       |       |     3 |       ||     3
  Throw: Boomerang         |       |       |     3 |       ||     3
    Use: Potion            |       |     3 |     5 |     3 ||    11
         Scroll            |       |       |    14 |     1 ||    15
 Armour: Robe              |     9 |       |       |       ||     9
         Ring mail         |    25 |    19 |       |       ||    44
         Leather armour    |       |    36 |   147 |       ||   183
         Plate armour      |       |       |   114 |    28 ||   142
         Skin              |       |       |       |     1 ||     1
  Dodge: Dodged            |    33 |    87 |   208 |     9 ||   337
  Block: Kite shield       |       |       |   152 |       ||   152

Table legend: (Time is in decaauts)
 A = Elapsed time spent in this place.
 B = Non-inter-level travel time spent in this place.
 C = Inter-level travel time spent in this place.
 D = Time resting spent in this place.
 E = Time spent auto-exploring this place.
 F = Levels seen in this place.
 G = Mean time per level.
                   A        B        C        D        E       F      G
               +--------+--------+--------+--------+--------+-----+--------+
         Total |   6853 |   6611 |    242 |    628 |   4537 |   9 |  761.4 |
       Dungeon |   6824 |   6582 |    242 |    628 |   4509 |   8 |  853.0 |
        Temple |     29 |     29 |      0 |      0 |     28 |   1 |   29.0 |
               +--------+--------+--------+--------+--------+-----+--------+

Top non-repeatable levels by time:
     D:6: 1841 daAuts
     D:7: 962 daAuts
     D:5: 938 daAuts
     D:1: 733 daAuts
     D:2: 714 daAuts
     D:3: 674 daAuts
     D:8: 484 daAuts
     D:4: 474 daAuts
  Temple: 29 daAuts
